cohdb
Replays
Latest Replays
All Replays
Popular Replays
Top Player Replays
Match Explorer
How It Works
Community
CoH3 Stats
Reddit
Sign in to upload your games and track your stats! →
Sign in with Steam
Match 41722684
Unlisted
Match 41722684
Overview
Messages
Build Orders
End
Construct Infanterie Kompanie
Pioneer Squad
MG 42 Machine Gun Team
Selects Terror Battlegroup
Selects Machine Gun Camouflage
MG 42 Machine Gun Team
MG 42 Machine Gun Team
Construct Luftwaffe Kompanie
Jäger Squad
Jäger Squad
Support Elements
Jäger Squad
Wirbelwind Flakpanzer
Pioneer Squad
Medical Bunker
Wirbelwind Flakpanzer
Luftwaffe Officer Quarters
AI Takeover
カルト_くん
A-Train12
Numenour
BrickTop
0
0
Comments
sign in to comment!
No comments posted yet!